 Dungeon Crawl Stone Soup version 0.16.2-12-gd0ad4c3 (webtiles) character file.

1896 Sodium1970 the Covered (level 9, -1/67 HPs)
             Began as a Human Fighter on Dec 30, 2015.
             Was an Elder of the Shining One.
             Splashed by a jelly's acid (8 damage)
             ... on level 6 of the Dungeon on Dec 31, 2015.
             The game lasted 00:34:39 (8063 turns).

Sodium1970 the Covered (Human Fighter)              Turns: 8063, Time: 00:34:39

Health: -1/67      AC: -18   Str: 23    XL:     9   Next: 37%
Magic:  9/9        EV: 10    Int:  8    God:    the Shining One [****..]
Gold:   430        SH: 11    Dex: 13    Spells: 0 memorised, 8 levels left

rFire  . . .     SeeInvis .     p - +1 rapier (flame)
rCold  . . .     Clarity  .     b - +0 scale mail
rNeg   + + .     SustAb   .     c - +0 shield
rPois  .         Gourm    .     y - +0 helmet
rElec  .         Spirit   .     C - +0 cloak
rCorr  .         Warding  .     (no gloves)
rMut   .         Stasis   .     M - +0 pair of boots
MR     .....                    (no amulet)
Stlth  +.........               m - ring of stealth
                                k - +3 ring of strength

@: corroded equipment, glowing, not resistant to hostile enchantments, very
unstealthy
A: no striking features
a: Divine Shield, Cleansing Flame, Renounce Religion


You were on level 6 of the Dungeon.
You worshipped the Shining One.
The Shining One was greatly pleased with you.
You were not hungry.

You visited 1 branch of the dungeon, and saw 6 of its levels.
You also visited: Ossuary.

You collected 430 gold pieces.

Inventory:

Hand weapons
 a - a +0 long sword
 p - a +1 rapier of flaming (weapon)
Missiles
 r - 8 bolts of flame
Armour
 b - a +0 scale mail (worn)
 c - a +0 shield (worn)
 y - a +0 helmet (worn)
 z - a +0 helmet
 C - a +0 cloak (worn)
 M - a +0 pair of boots (worn)
Jewellery
 k - a +3 ring of strength (left hand)
 m - a ring of stealth (right hand)
 F - a cursed ring of loudness {unknown}
Magical devices
 v - a wand of slowing (16)
 w - a wand of paralysis (17)
Scrolls
 d - a scroll of recharging
 f - a scroll of fog
 g - 2 scrolls of enchant armour
 h - a scroll of remove curse
 o - 2 scrolls of blinking {unknown}
 s - 2 scrolls of noise {unknown}
 t - 4 scrolls of teleportation {unknown}
 x - a scroll of enchant weapon {unknown}
 A - a scroll of random uselessness {unknown}
 B - a scroll of vulnerability {unknown}
 H - 2 scrolls of amnesia {unknown}
 I - a scroll of summoning {unknown}
Potions
 e - 7 potions of curing
 l - 5 potions of agility
 n - a potion of restore abilities {unknown}
 D - a potion of ambrosia {unknown}
 E - a potion of resistance {unknown}
 J - a potion of haste
 K - a potion of poison {unknown}
 L - a potion of cancellation {unknown}
Books
 G - a book of the Earth

   Spells                             Type                      Level
   a - Leda's Liquefaction            Hexes/Earth                  4
   b - Bolt of Magma                  Conjuration/Fire/Earth       5
   c - Statue Form                    Transmutation/Earth          6
   d - Iron Shot                      Conjuration/Earth            6
   e - Shatter                        Earth                        9
Comestibles
 i - a meat ration
 j - 6 beef jerkies
 q - 4 bread rations


   Skills:
 + Level 4.9 Fighting
 + Level 4.7(5.0) Short Blades
 + Level 2.3(3.8) Long Blades
 + Level 6.6 Armour
 + Level 4.8 Dodging
 + Level 0.7 Stealth
 + Level 6.2 Shields


You had 8 spell levels left.
You didn't know any spells.

Dungeon Overview and Level Annotations

Branches:
Dungeon (6/15)             Temple (0/1) D:5

Altars:
Elyvilon
Kikubaaqudgha
Yredelemnul
The Shining One


Message History

The jelly is severely wounded.
The jelly hits you.
* * * LOW HITPOINT WARNING * * *
You are splashed with acid!
The acid burns!
* * * LOW HITPOINT WARNING * * *
You hit the jelly. You burn the jelly.
The jelly is severely wounded.
The jelly hits you.
* * * LOW HITPOINT WARNING * * *
You are splashed with acid!
The acid corrodes your equipment!
The acid burns!
* * * LOW HITPOINT WARNING * * *
You hit the jelly but do no damage.
The jelly is severely wounded.
The jelly barely misses you.
You hit the jelly but do no damage.
The jelly is severely wounded.
The jelly hits you.
* * * LOW HITPOINT WARNING * * *
You are splashed with acid!
The acid corrodes your equipment!
The acid burns!
You die...

###########. #.........#.
#....#...... #....#....#
##########...##...# .
.........###.##...# ...
.........#........#......
.........#....†J@........
.............####.#......
.........#...# ... ...
.........###.....###.. .
........##8#######8######
##.....##...##♣##...##..#
.#.....#_.#..'.'..# #..+
.#.....##...##.##...##..#
........##8##♣.♣##8##<..#


You could see a jelly.

Vanquished Creatures
  The ghost of DCMalleus the Ruffian, an average TrAK of Lugonu (Ossuary)
  Menkaure (Ossuary)
  A sky beast (D:6)
  An ice beast (D:4)
  2 ogres
  A phantom (D:4)
  Sigmund (D:3)
  2 giant frogs (D:6)
  2 jellies (D:6)
  A scorpion (D:4)
  6 crimson imps
  A giant frog skeleton (D:5)
  Crazy Yiuf (D:3)
  2 orc priests (D:3)
  3 iguanas
  2 orc wizards
  2 worker ants (D:4)
  Jessica (D:3)
  3 mummies (Ossuary)
  11 adders
  2 gnolls (D:6)
  2 giant mites (D:3)
  4 worms
  2 adder skeletons (D:5)
  4 giant geckos
  19 orcs
  8 bats
  A bat skeleton (D:4)
  3 gnoll zombies (Ossuary)
  13 goblins
  22 hobgoblins
  21 kobolds
  3 quokkas
  2 ball pythons
  4 giant cockroaches
  7 giant newts
  2 giant spores
  2 gnoll skeletons (Ossuary)
  A goblin skeleton (Ossuary)
  A goblin zombie (Ossuary)
  A hobgoblin skeleton (Ossuary)
  A hobgoblin zombie (Ossuary)
  14 jackals
  A kobold skeleton (Ossuary)
  3 kobold zombies (Ossuary)
  3 orc zombies (Ossuary)
  14 rats
  3 rat skeletons (Ossuary)
  A rat zombie (Ossuary)
209 creatures vanquished.

Vanquished Creatures (others)
  3 gnoll skeletons (Ossuary)
  2 gnoll zombies (Ossuary)
  A giant spore (D:4)
  3 goblin skeletons (Ossuary)
  2 goblin zombies (Ossuary)
  2 hobgoblin skeletons (Ossuary)
  A hobgoblin zombie (Ossuary)
  A kobold skeleton (Ossuary)
  A kobold zombie (Ossuary)
  3 orc skeletons (Ossuary)
  2 orc zombies (Ossuary)
  5 rat skeletons (Ossuary)
  5 rat zombies (Ossuary)
31 creatures vanquished.

Grand Total: 240 creatures vanquished

Notes
Turn   | Place    | Note
--------------------------------------------------------------
     0 | D:1      | Sodium1970, the Human Fighter, began the quest for the Orb.
     0 | D:1      | Reached XP level 1. HP: 18/18 MP: 1/1
   144 | D:1      | Reached XP level 2. HP: 2/24 MP: 2/2
   915 | D:1      | Reached XP level 3. HP: 29/29 MP: 3/3
  1087 | D:2      | Reached skill level 1 in Dodging
  1471 | D:2      | Reached XP level 4. HP: 15/35 MP: 4/4
  1719 | D:2      | Found a glowing golden altar of the Shining One.
  1739 | D:2      | Became a worshipper of the Shining One
  2251 | D:3      | Noticed Jessica
  2695 | D:3      | Reached skill level 4 in Armour
  2695 | D:3      | Reached XP level 5. HP: 28/41 MP: 5/5
  2923 | D:3      | Noticed Sigmund
  2962 | D:3      | Killed Sigmund
  2962 | D:3      | Reached skill level 1 in Short Blades
  2962 | D:3      | Reached XP level 6. HP: 12/47 MP: 6/6
  3028 | D:3      | Killed Jessica
  3427 | D:3      | Noticed Crazy Yiuf
  3434 | D:3      | Paralysed by Crazy Yiuf for 6 turns
  3442 | D:3      | Killed Crazy Yiuf
  3889 | D:3      | Acquired the Shining One's first power
  3915 | D:3      | Reached XP level 7. HP: 53/53 MP: 7/7
  4289 | D:4      | Reached skill level 5 in Armour
  4686 | D:4      | Found a white marble altar of Elyvilon.
  4815 | D:4      | Reached XP level 8. HP: 15/60 MP: 8/8
  5250 | D:4      | Reached skill level 5 in Shields
  5601 | D:5      | Entered Level 5 of the Dungeon
  5627 | D:5      | Acquired the Shining One's second power
  5813 | D:5      | Reached skill level 6 in Armour
  6145 | D:5      | Found a staircase to the Ecumenical Temple.
  6394 | D:6      | Found an ancient bone altar of Kikubaaqudgha.
  6437 | D:6      | Found a basalt altar of Yredelemnul.
  6532 | D:6      | Found a sand-covered staircase.
  6539 | Ossuary  | Entered an ossuary
  6609 | Ossuary  | Noticed DCMalleus' ghost (average TrAK)
  6642 | Ossuary  | Killed DCMalleus' ghost
  6642 | Ossuary  | Reached XP level 9. HP: 21/66 MP: 9/9
  6971 | Ossuary  | Acquired the Shining One's third power
  7147 | Ossuary  | Noticed Menkaure
  7166 | Ossuary  | Killed Menkaure
  8063 | D:6      | Splashed by a jelly's acid

Action                   |  1- 3 |  4- 6 |  7- 9 || total
-------------------------+-------+-------+-------++-------
Melee: Long sword        |   134 |     9 |       ||   143
       Rapier            |       |   181 |   530 ||   711
  Use: Potion            |       |     5 |     3 ||     8
       Scroll            |       |     4 |     5 ||     9
  Eat: Bread ration      |     1 |     1 |       ||     2
       Meat ration       |       |     1 |     3 ||     4
